 Dungeon Crawl Stone Soup version 0.23-a0-139-ga22e90c (webtiles) character file.

1201 EvilAliv3 the Sneak (level 8, -4/58 HPs)
             Began as a Formicid Air Elementalist on Aug 29, 2018.
             Slain by a black bear (7 damage)
             ... on level 6 of the Dungeon on Aug 30, 2018.
             The game lasted 01:02:24 (8273 turns).

EvilAliv3 the Sneak (Formicid Air Elementalist)     Turns: 8273, Time: 01:02:25

Health: -4/58      AC:  3    Str: 12    XL:     8   Next: 72%
Magic:  5/13       EV: 12    Int: 18    God:
Gold:   370        SH:  0    Dex: 11    Spells: 12/14 levels left

rFire    . . .     SeeInvis +   a - +1 short sword (venom)
rCold    . . .     Gourm    .   (no shield)
rNeg     . . .     Faith    .   b - +0 leather armour {rPois}
rPois    +         Spirit   .   (helmet unavailable)
rElec    .         Reflect  .   (no cloak)
rCorr    .         Harm     .   (no gloves)
MR       .....                  (no boots)
Stlth    ++........             (no amulet)
HPRegen  0.19/turn              (no ring)
MPRegen  0.13/turn              (no ring)

@: no status effects
A: permanent stasis, dig shafts and tunnels, four strong arms, antennae 3
a: Dig, Shaft Self


You were on level 6 of the Dungeon.
You were not hungry.

You visited 1 branch of the dungeon, and saw 6 of its levels.

You collected 370 gold pieces.

Inventory:

Hand Weapons
 a - a +1 short sword of venom (weapon)
 s - a +1 morningstar of holy wrath
Armour
 b - a +0 leather armour of poison resistance (worn)
 k - a +1 scale mail
 m - a +0 ring mail
 n - a +0 chain mail
Wands
 p - a wand of iceblast (4)
Scrolls
 d - a scroll of remove curse
 f - 2 scrolls of noise {unknown}
 i - 3 scrolls of enchant weapon
 j - 4 scrolls of identify
 t - a scroll of summoning {unknown}
 u - a scroll of torment {unknown}
 v - a scroll of teleportation {unknown}
 x - a scroll of immolation {unknown}
Potions
 e - a potion of mutation {unknown}
 g - 2 potions of heal wounds {unknown}
 h - a potion of agility
 l - a potion of magic
 o - 2 potions of curing {unknown}
 q - a potion of haste {unknown}
 r - a potion of lignification
Comestibles
 c - 7 rations
 w - a chunk of flesh


   Skills:
 + Level 3.4 Fighting
 + Level 2.8 Armour
 + Level 3.5 Dodging
 + Level 5.0 Stealth
 + Level 3.9 Spellcasting
 + Level 3.4 Conjurations
 * Level 4.9 Air Magic


You had 12 spell levels left.
You knew the following spells:

 Your Spells              Type           Power        Failure   Level  Hunger
a - Shock                 Conj/Air       ###.         3%          1    None
b - Apportation           Tloc           #.....       19%         1    None

Your spell library contained the following spells:

 Spells                   Type           Power        Failure   Level  Hunger
 Static Discharge         Conj/Air       ###.....     10%         3    ###....
 Swiftness                Chrm/Air       ##......     11%         2    ##.....
 Animate Skeleton         Necr           N/A          19%         1    None
 Confusing Touch          Hex            #.....       19%         1    None
 Summon Small Mammal      Summ           #...         19%         1    None
 Airstrike                Air            ###.......   24%         4    ####...
 Lightning Bolt           Conj/Air       ###.......   67%         5    ######.


Dungeon Overview and Level Annotations

Branches:
Dungeon (6/15)
 Temple: D:4-7

Altars:
Ru

Shops:
D:4 (

Annotations:
D:5 2 runed doors, jusw85's ghost, novice DECj


Innate Abilities, Weirdness & Mutations

You cannot be hasted, slowed, berserked, paralysed or teleported.
You can dig through walls and to a lower floor.
Your four strong arms can wield two-handed weapons with a shield.
You have a pair of large antennae on your head. (SInv)


Message History

Aiming: Shock (safe; 3% risk of failure)
Press: ? - help, Shift-Dir - straight line The zap hits the black bear.
The black bear is heavily wounded.
The zap hits the black bear.
The black bear is severely wounded.
The black bear goes berserk!
The black bear bites you but does no damage.
The black bear claws you. x2
You barely miss the black bear.
The black bear is severely wounded.
The black bear bites you! The black bear claws you. The black bear claws you!
* * * LOW HITPOINT WARNING * * *
The black bear misses you. The black bear closely misses you. x2
You barely miss the black bear.
The black bear is severely wounded.
The black bear bites you!
* * * LOW HITPOINT WARNING * * *
The black bear claws you!
You die...

##### #.#.##### #....... #.#...
..# #####.#.#####.# #.# ########
#.>...†.....).. ..# ## #......#
#.###.#h...##.# #.. .. #......#
#.# #.#@##.##.# #.# #. .......#
#.# #.#.......# #.# #.
.......###.###.#.##.######.#####.
................................>
.###.#......##.#..#.#.#..........
.# #.#.####.##'#............####.
.# #..................#........#.
.# #.#.####.........#.#..##.##.#.
.#####.####.......#.#.#..##....#.


You could see a black bear (berserk).

Vanquished Creatures
  A sky beast (D:6)
  2 ogres
  A bullfrog (D:6)
  A wyvern zombie (D:6)
  A scorpion (D:4)
  A bullfrog zombie (D:5)
  A hound (D:4)
  4 orc priests
  A centaur skeleton (D:4)
  4 orc wizards
  A bullfrog skeleton (D:4)
  Jessica (D:2)
  Terence (D:2)
  2 iguanas
  Natasha (thrice) (D:2 D:3)
  A worker ant (D:4)
  Robin (D:3)
  3 gnolls (D:2)
  6 adders
  An ooze (D:2)
  An adder skeleton (D:4)
  A worm (D:3)
  2 dart slugs
  3 leopard geckos
  20 orcs
  2 bats (D:1)
  A giant cockroach (D:1)
  17 goblins
  5 hobgoblins
  18 jackals
  5 kobolds
  A quokka (D:4)
  2 frilled lizards
  A jackal skeleton (D:4)
  A leopard gecko zombie (D:6)
  3 rats
120 creatures vanquished.

Notes
Turn   | Place    | Note
-------+----------+-------------------------------------------
     0 | D:1      | EvilAliv3 the Formicid Air Elementalist began the quest for
                  | the Orb.
     0 | D:1      | Reached XP level 1. HP: 13/13 MP: 3/3
    19 | D:1      | Reached skill level 1 in Conjurations
   237 | D:1      | Reached XP level 2. HP: 16/19 MP: 0/5
   914 | D:1      | Reached XP level 3. HP: 25/25 MP: 4/6
  1725 | D:2      | Noticed Natasha
  1732 | D:2      | Killed Natasha
  1732 | D:2      | Reached skill level 1 in Fighting
  1732 | D:2      | Reached XP level 4. HP: 31/32 MP: 2/7
  1864 | D:2      | Noticed Terence
  1888 | D:2      | Killed Terence
  1888 | D:2      | Reached skill level 3 in Stealth
  2001 | D:2      | Noticed Natasha
  2015 | D:2      | Killed Natasha
  2015 | D:2      | Reached XP level 5. HP: 23/37 MP: 1/8
  2100 | D:2      | Noticed Jessica
  2115 | D:2      | Noticed Natasha
  2127 | D:2      | Upgraded the game from 0.23-a0-137-gef0ad6d to
                  | 0.23-a0-138-g286b84b
  2277 | D:2      | Killed Jessica
  2473 | D:2      | Reached XP level 6. HP: 41/44 MP: 3/10
  3444 | D:3      | Noticed Robin
  3449 | D:3      | Killed Robin
  3792 | D:3      | Reached skill level 1 in Armour
  3951 | D:3      | Found a sacrificial altar of Ru.
  4639 | D:3      | Killed Natasha
  4639 | D:3      | Reached XP level 7. HP: 20/50 MP: 0/11
  5109 | D:4      | Found Cuila's Weapon Shoppe.
  5841 | D:4      | Reached skill level 4 in Stealth
  6160 | D:4      | Reached XP level 8. HP: 52/57 MP: 8/13
  6444 | D:5      | Entered Level 5 of the Dungeon
  6525 | D:5      | Upgraded the game from 0.23-a0-138-g286b84b to
                  | 0.23-a0-139-ga22e90c
  6732 | D:5      | Found a runed door.
  6777 | D:5      | Noticed jusw85's ghost (novice DECj)
  6813 | D:5      | Found a runed door.
  7904 | D:6      | HP: 2/58 [wyvern zombie (12)]
  8178 | D:6      | Learned a level 1 spell: Apportation
  8260 | D:6      | Reached skill level 5 in Stealth
  8273 | D:6      | Slain by a black bear

Vault maps used:
D:1:      saegor_arrival_miasma
D:2:      first_ration, uniq_jessica, uniq_terence, uniq_natasha
D:3:      nicolae_ru_sacrificial_ziggurat, uniq_robin
D:4:      minmay_wonky_spiral, serial_shops, nicolae_shop_window_shopping
D:5:      ebering_ghost_sewer_f

Skill      XL: |  1  2  3  4  5  6  7  8 |
---------------+-------------------------+-----
Conjurations   | 1 2 3 |  3.4
Dodging        | 2 3 |  3.5
Fighting       | 1 2 3 |  3.4
Stealth        | 3 4 5 |  5.0
Air Magic      | 3 4 |  4.9
Armour         | 1 2 |  2.8
Spellcasting   | 3 |  3.9

Action                   |  1- 3 |  4- 6 |  7- 9 || total
-------------------------+-------+-------+-------++-------
Melee: Unarmed           |    27 |       |       ||    27
       Dagger            |    23 |       |       ||    23
       Short sword       |       |    32 |    53 ||    85
 Cast: Shock             |    53 |   110 |   122 ||   285
  Use: Scroll            |       |     6 |     4 ||    10
 Stab: Sleeping          |     1 |       |       ||     1
  Eat: Chunk             |     3 |     6 |     8 ||    17
       Ration            |       |     1 |     1 ||     2
Armor: Robe              |    14 |     7 |     3 ||    24
       Leather armour    |       |       |     8 ||     8
Dodge: Dodged            |    44 |    29 |    53 ||   126

Table legend:
 A = Non-vault XP
 B = Vault XP
 C = Vault XP percentage of total XP
 D = Non-vault monster count
 E = Vault monster count
 F = Vault count percentage of total count
                 A         B        C        D         E       F
            +---------+---------+-------+---------+---------+-------
      Total |    1473 |     244 |  14.2 |     101 |      19 |  15.8
            +---------+---------+-------+---------+---------+-------
        D:1 |      48 |       0 |   0.0 |      25 |       0 |   0.0
        D:2 |     115 |     108 |  48.4 |      16 |       3 |  15.8
        D:3 |     236 |      37 |  13.6 |      25 |      12 |  32.4
        D:4 |     423 |      99 |  19.0 |      16 |       4 |  20.0
        D:5 |     243 |       0 |   0.0 |       7 |       0 |   0.0
        D:6 |     408 |       0 |   0.0 |      12 |       0 |   0.0
            +---------+---------+-------+---------+---------+-------
